 Dungeon Crawl Stone Soup version 0.23.1 (webtiles) character file.

Game seed: 12675383246691568958

33 redwoodhats the Ruffian (level 3, -1/34 HPs)
             Began as a Naga Berserker on Mar 10, 2019.
             Was a Believer of Trog.
             Slain by a goblin (6 damage)
             ... led by Robin
             ... on level 2 of the Dungeon.
             The game lasted 00:09:22 (1257 turns).

redwoodhats the Ruffian (Naga Berserker)            Turns: 1257, Time: 00:09:22

Health: -1/34      AC:  2    Str: 14 (17) XL:     3   Next: 29%
Magic:  3/3        EV: 10    Int:  6 (7)  God:    Trog [**....]
Gold:   54         SH:  0    Dex:  7 (9)  Spells: 2/2 levels left

rFire    . . .     SeeInvis +   i - +3 spear (freeze)
rCold    . . .     Gourm    .   (no shield)
rNeg     . . .     Faith    .   a - +0 animal skin
rPois    +         Spirit   .   (no helmet)
rElec    .         Reflect  .   (no cloak)
rCorr    .         Harm     .   (no gloves)
MR       ++...                  (no barding)
Stlth    +.........             (no amulet)
HPRegen  1.11/turn              (no ring)
MPRegen  0.08/turn              (no ring)

@: lethally poisoned (-1 -> -1), berserk cooldown, regenerating, slowed, very
slow
A: large, stinger 1, see invisible, clumsy 1, deformed body, poison resistance,
slowness 2, slow metabolism 1, spit poison 1, weak 1, AC +1
a: Spit Poison, Berserk, Trog's Hand, Renounce Religion


You were on level 2 of the Dungeon.
You worshipped Trog.
Trog was pleased with you.
You were not hungry.

You visited 1 branch of the dungeon, and saw 2 of its levels.

You collected 54 gold pieces.

Inventory:

Hand Weapons
 g - a +2 hand axe of draining
 i - a +3 spear of freezing (weapon)
Armour
 a - a +0 animal skin (worn)
Potions
 e - a potion of curing


   Skills:
 + Level 3.4 Fighting
 + Level 1.5 Armour
 + Level 1.9 Dodging
 + Level 0.5 Stealth
 + Level 3.5 Unarmed Combat


You had 2 spell levels left.
You didn't know any spells.
Your spell library was empty.

Dungeon Overview and Level Annotations

Branches:
Dungeon (2/15)

Altars:
Ashenzari

Annotations:
D:2 Robin


Innate Abilities, Weirdness & Mutations

You cannot wear boots.
Your serpentine skin is tough. (AC +1)
You have supernaturally acute eyesight. (SInv)
Armour fits poorly on your strangely shaped body.
Your system is resistant to poisons. (rPois)
You cover ground very slowly.
You have a slow metabolism.
You can spit poison.
Your tail ends in a poisonous barb.
You are clumsy. (Dex -2)
You are weak. (Str -2)


Message History

Robin roars a battlecry!
The goblins go into a battle-frenzy!
The hobgoblin hits you with a +0 club. The goblin hits you.
* * * LOW HITPOINT WARNING * * *
You barely miss the hobgoblin.
Your skin stops crawling.
You feel less resistant to hostile enchantments.
The goblin closely misses you. The goblin hits you.
* * * LOW HITPOINT WARNING * * *
The hobgoblin misses you.
Robin says, "A pitiful Naga like you will never find the ORB!"
Robin roars a battlecry!
The goblin goes into a battle-frenzy!
The goblin hits you but does no damage. x2; The hobgoblin barely misses you.
Your skin crawls.
You feel resistant to hostile enchantments.
You feel somewhat more hungry.
You feel sick. The goblin hits you.
* * * LOW HITPOINT WARNING * * *
The goblin hits you.
You die...

#####. .....
#.#.# ...)
#######..#
#.....#..#.#
#ggr...#
#@#..#.#
#g#..#
...g..gg...#
#.##..g..###
#.#..##
......#
....##%# ...
. ... .>..
...


You could see Robin, 2 hobgoblins, 3 goblins and a rat.

Vanquished Creatures
  A dart slug (D:1)
  3 bats (D:1)
  A giant cockroach (D:1)
  7 goblins
  2 hobgoblins
  2 ball pythons (D:1)
  2 frilled lizards
  7 kobolds (D:1)
  6 rats (D:1)
31 creatures vanquished.

Notes
Turn   | Place    | Note
-------+----------+-------------------------------------------
     0 | D:1      | redwoodhats the Naga Berserker began the quest for the Orb.
     0 | D:1      | Reached XP level 1. HP: 21/21 MP: 1/1
   146 | D:1      | Reached XP level 2. HP: 6/28 MP: 2/2
   900 | D:1      | Reached XP level 3. HP: 26/34 MP: 3/3
  1006 | D:1      | Reached ** piety under Trog
  1045 | D:1      | Found a shattered altar of Ashenzari.
  1192 | D:1      | Gained mutation: You are weak. (Str -2) [potion of
                  | mutation]
  1192 | D:1      | Gained mutation: You are clumsy. (Dex -2) [potion of
                  | mutation]
  1192 | D:1      | Gained mutation: Your tail ends in a poisonous barb.
                  | [potion of mutation]
  1239 | D:2      | Noticed Robin
  1257 | D:2      | Slain by a goblin

Action                   || total
-------------------------++-------
Melee: Unarmed           ||    48
       Spear             ||    12
Invok: Berserk           ||     2
       Trog's Hand       ||     2
 Abil: Spit Poison       ||     7
  Use: Potion            ||     4
       Scroll            ||     3
  Eat: Chunk             ||     1
       Ration            ||     1
Armor: Animal skin       ||    10
Dodge: Dodged            ||    46
